 Dungeon Crawl Stone Soup version 0.22.0-38-g04b72b8c25 (webtiles) character file.

88 LLavrengius the Skirmisher (level 4, -1/29 HPs)
             Began as a Gargoyle Fighter on Aug 29, 2018.
             Slain by an orc wizard
             ... wielding a +0 dagger
              (2 damage)
             ... on level 4 of the Dungeon.
             The game lasted 00:03:46 (895 turns).

LLavrengius the Skirmisher (Gargoyle Fighter)        Turns: 895, Time: 00:03:47

Health: -1/29      AC: 10    Str: 21    XL:     4   Next: 54%
Magic:  4/4        EV:  7    Int:  8    God:
Gold:   70         SH:  9    Dex:  9    Spells: 3/3 levels left

rFire    . . .     SeeInvis .   a - +0 flail
rCold    . . .     Gourm    .   c - +0 shield
rNeg     + . .     Faith    .   b - +0 scale mail
rPois    ∞         Spirit   .   (no helmet)
rElec    +         Reflect  .   (no cloak)
rCorr    .         Harm     .   (no gloves)
MR       .....                  (no boots)
Stlth    ..........             (no amulet)
HPRegen  0.09/turn              (no ring)
MPRegen  0.09/turn              (no ring)

@: starving
A: negative energy resistance 1, electricity resistance, unbreathing,
petrification resistance, rot immunity, AC +3
a: no special abilities


You were on level 4 of the Dungeon.
You were starving.

You visited 1 branch of the dungeon, and saw 4 of its levels.

You collected 70 gold pieces.

Inventory:

Hand Weapons
 a - a +0 flail (weapon)
 k - a +0 hunting sling
Missiles
 g - 108 stones (quivered)
Armour
 b - a +0 scale mail (worn)
 c - a +0 shield (worn)
Jewellery
 o - a cursed ring of flight {unknown}
Scrolls
 e - 2 scrolls of identify {unknown}
 m - a scroll of magic mapping {unknown}
 n - a scroll of teleportation {unknown}
Potions
 d - a potion of might
 i - a potion of lignification {unknown}
 j - a potion of degeneration {unknown}
 l - a potion of brilliance {unknown}
Comestibles
 f - 7 rations


   Skills:
 + Level 4.2 Fighting
 * Level 3.3 Maces & Flails
 - Level 3.2 Armour
 + Level 0.3 Dodging
 + Level 3.8 Shields


You had 3 spell levels left.
You didn't know any spells.
Your spell library was empty.

Dungeon Overview and Level Annotations

Branches:
Dungeon (4/15)
 Temple: D:4-7

Altars:


Innate Abilities, Weirdness & Mutations

You are resistant to torment.
Your stone body is resilient. (AC +3)
You are immune to poison.
You resist negative energy. (rN+)
You are resistant to electric shocks. (rElec)
You can survive without breathing.
You are immune to petrification.
You are immune to rotting.


Message History

The hungry ghost barely misses you. The orc hits you but does no damage.
The ooze hits you but does no damage.
Your shield and scale mail prevent you from hitting the hungry ghost.
The hungry ghost hits you.
You are near starving!
The orc barely misses you. x2; The ooze hits you but does no damage.
You block the hungry ghost's attack.
You miss the hungry ghost. The orc hits you but does no damage.
The ooze hits you but does no damage. The hungry ghost hits you.
You are starving!
You miss the hungry ghost. You block the orc's attack.
You block the ooze's attack. The hungry ghost hits you.
You feel somewhat more hungry. The ooze misses you.
You miss the hungry ghost. The hungry ghost hits you.
You feel somewhat more hungry. The ooze hits you.
* * * LOW HITPOINT WARNING * * *
Something hits you but does no damage. The hungry ghost barely misses you.
You hit the hungry ghost but do no damage.
You block the ooze's attack. Something hits you.
You die...

#......#.....
#......#.....
#############...).#.....
............#.....#.....
............#.....#.....
..............#.....#.....
..............####'##.....
..........................
.........@Wo..............
.........{J...............
.......###o###.......#####
.......#..o..#.......#
.......'.....###+#####
.......#......+
.......#....b## #
.#######.....# #
#...........# #


You could see a hungry ghost, an ooze and 3 orcs.

Vanquished Creatures
  An orc wizard (D:4)
  3 adders
  A worm (D:3)
  A leopard gecko (D:1)
  2 bats
  2 giant cockroaches
  4 hobgoblins (D:1)
  2 jackals (D:3)
  5 kobolds
  A quokka (D:4)
  2 frilled lizards
  4 goblins
  A rat (D:1)
29 creatures vanquished.

Notes
Turn   | Place    | Note
-------+----------+-------------------------------------------
     0 | D:1      | LLavrengius the Gargoyle Fighter began the quest for the Orb.
     0 | D:1      | Reached XP level 1. HP: 14/14 MP: 1/1
   192 | D:1      | Reached XP level 2. HP: 19/19 MP: 2/2
   441 | D:3      | Reached XP level 3. HP: 12/24 MP: 3/3
   762 | D:4      | Reached XP level 4. HP: 22/29 MP: 4/4
   862 | D:4      | Noticed a hungry ghost
   867 | D:4      | Reached skill level 4 in Fighting
   894 | D:4      | HP: 1/29 [ooze (2)]
   895 | D:4      | Slain by an orc wizard

Skill      XL: |  1  2  3  4 |
---------------+-------------+-----
Maces & Flails | 3 |  3.3
Fighting       | 4 |  4.2
Armour         | |  3.2
Dodging        | |  0.3
Shields        | |  3.8

Action                   |  1- 3 |  4- 6 || total
-------------------------+-------+-------++-------
Melee: Flail             |   140 |    22 ||   162
Armor: Scale mail        |   105 |    32 ||   137
Dodge: Dodged            |    62 |    12 ||    74
Block: Shield            |    96 |    14 ||   110
